 Dungeon Crawl Stone Soup version 0.18-a0-1157-g59db91b (webtiles) character file.

100 st0uf the Covered (level 4, -7/29 HPs)
             Began as a Tengu Fighter on Jan 23, 2016.
             Was an Initiate of Okawaru.
             Mangled by an orange demon (11 damage)
             ... summoned by Xom
             ... on level 3 of the Dungeon.
             The game lasted 00:07:05 (1848 turns).

st0uf the Covered (Tengu Fighter)                   Turns: 1848, Time: 00:07:05

Health: -7/29      AC:  9    Str: 17    XL:     4   Next: 73%
Magic:  5/5        EV:  5    Int:  8    God:    Okawaru [......]
Gold:   156        SH:  9    Dex: 14    Spells: 0 memorised, 3 levels left

rFire  + . .     SeeInvis .     a - +0 long sword
rCold  . . .     Gourm    .     j - +0 chain mail {rF+}
rNeg   . . .     Faith    .     c - +0 shield
rPois  .         Spirit   .     (helmet restricted)
rElec  .         Dismiss  .     (no cloak)
rCorr  .         Reflect  .     (no gloves)
SustAt .         Harm     .     (boots unavailable)
MR     .....                    (no amulet)
Stlth  ..........               (no ring)
                                q - ring of flight

@: lethally poisoned (-7 -> -22), not resistant to hostile enchantments,
extremely unstealthy
A: beak, talons 3
a: Renounce Religion, Evoke Flight


You were on level 3 of the Dungeon.
You worshipped Okawaru.
Okawaru was noncommittal.
You were not hungry.

You visited 1 branch of the dungeon, and saw 3 of its levels.

You collected 156 gold pieces.

Inventory:

Hand Weapons
 a - a +0 long sword (weapon)
Missiles
 h - 4 curare-tipped needles
 r - 17 poisoned needles
Armour
 b - a +0 scale mail
 c - a +0 shield (worn)
 j - a +0 chain mail of fire resistance (worn)
Jewellery
 q - a ring of flight (left hand)
 t - a cursed amulet of inaccuracy {unknown}
 w - a +6 ring of intelligence {unknown}
Scrolls
 e - 2 scrolls of teleportation {unknown}
 k - a scroll of fear {unknown}
 m - a scroll of enchant armour {unknown}
 n - a scroll of identify {unknown}
 o - a scroll of magic mapping {unknown}
 x - a scroll of recharging {unknown}
Potions
 d - a potion of might
 g - a potion of curing {unknown}
 i - 2 potions of flight {unknown}
 p - a potion of lignification {unknown}
 u - a potion of mutation {unknown}
 A - a potion of cancellation {unknown}
Comestibles
 f - 2 bread rations
 l - 2 beef jerkies
 s - a royal jelly
 v - a meat ration
 z - 4 chunks of flesh


   Skills:
 + Level 3.9 Fighting
 + Level 3.1 Long Blades
 + Level 4.0 Armour
 + Level 1.0 Dodging
 + Level 3.3 Shields


You had 3 spell levels left.
You didn't know any spells.

Dungeon Overview and Level Annotations

Branches:
Dungeon (3/15)

Altars:
Fedhas
Okawaru
Trog
Xom
Zin


Innate Abilities, Weirdness & Mutations

You have a beak for a mouth.
You have claws for feet.


Message History

The quasit barely misses you.
The crimson imp blinks!
The orange demon stings you from afar. The jackal barely misses you.
You closely miss the quasit.
The quasit is heavily wounded.
You feel sick. The quasit barely misses you. You block the quasit's attack.
The quasit claws you but does no damage.
The jackal bites you but does no damage.
The orange demon stings you from afar. You block the quasit's attack.
The quasit claws you but does no damage. x2
The jackal closely misses you. The orange demon stings you from afar.
* * * LOW HITPOINT WARNING * * *
You closely miss the quasit. Your kick misses the quasit.
The quasit is heavily wounded.
* * * LOW HITPOINT WARNING * * *
You feel sick.
The jackal bites you but does no damage.
The quasit barely misses you.
The quasit claws you but does no damage.
The quasit barely misses you. The orange demon stings you from afar!
You die...

#. #. #( . #.# #..#
..###.. ##..# #.
......ยง .#..# ..
......h#######.#..#
g.
.....54h@5.....#..#
......h####....#..#
....... #.#.##^.#
....... #.#.....#
..###.#
#.####.###.# . #.
#..........# #.
#..###.######## #.
#..#...........
#..#.#.##.#....


You could see an orange demon, a quasit, a crimson imp and 3 jackals.

Vanquished Creatures
  A gnoll shaman (D:3)
  A gnoll (D:2)
  An adder (D:3)
  2 worms (D:2)
  4 bats
  4 giant cockroaches
  7 goblins
  7 hobgoblins
  7 kobolds
  2 quokkas (D:2)
  A ball python (D:1)
  6 rats
43 creatures vanquished.

Notes
Turn   | Place    | Note
--------------------------------------------------------------
     0 | D:1      | st0uf the Tengu Fighter began the quest for the Orb.
     0 | D:1      | Reached XP level 1. HP: 14/14 MP: 2/2
   455 | D:1      | Reached XP level 2. HP: 19/19 MP: 3/3
   914 | D:2      | Reached XP level 3. HP: 23/23 MP: 4/4
  1078 | D:2      | Found a blossoming altar of Fedhas.
  1287 | D:2      | Found a glowing silver altar of Zin.
  1287 | D:2      | Noticed an angel
  1288 | D:2      | Found a shimmering altar of Xom.
  1295 | D:2      | Became a worshipper of Xom of Chaos
  1337 | D:2      | XOM: divination: detect creatures
  1393 | D:2      | XOM: silly message
  1427 | D:2      | Found an iron altar of Okawaru.
  1431 | D:2      | Fell from the grace of Xom
  1431 | D:2      | Became a worshipper of Warmaster Okawaru
  1440 | D:2      | Found a bloodstained altar of Trog.
  1642 | D:3      | Reached XP level 4. HP: 22/29 MP: 5/5
  1651 | D:2      | Reached skill level 4 in Armour
  1761 | D:3      | Reached skill level 1 in Dodging
  1842 | D:3      | XOM: summons 4 hostile demons
  1843 | D:3      | Noticed an orange demon
  1848 | D:3      | Mangled by an orange demon

Vault maps used:
D:1:      dpeg_arrival_boxes_within_box, st_stairs_8
D:2:      grunt_temple_overflow_order_and_chaos_1, lemuel_doored_altar,
          amethyst_overflow_temple_binary
D:3:      first_bread, kennysheep_jessica_study

Action                   |  1- 3 |  4- 6 || total
-------------------------+-------+-------++-------
Melee: Long sword        |   108 |    16 ||   124
  Eat: Chunk             |     2 |     1 ||     3
